 Dungeon Crawl Stone Soup version 0.29-a0-207-gf982a884d8 (webtiles) character file.

Game seed: 43618816664773741

62 Zeldest the Ruffian (level 3, 0/37 HPs)
             Began as a Troll Delver on Feb 23, 2022.
             Slain by an ogre
             ... wielding a +0 giant spiked club
              (14 damage)
             ... on level 4 of the Dungeon.
             The game lasted 00:00:46 (221 turns).

Zeldest the Ruffian (Troll Delver)                   Turns: 221, Time: 00:00:46

Health: 0/37       AC:  5    Str: 22    XL:     3   Next: 85%
Magic:  2/2        EV:  9    Int:  6    God:
Gold:   19         SH:  0    Dex: 11    Spells: 2/2 levels left

rFire   . . .      SeeInvis .     - Unarmed
rCold   . . .      Faith    .   (no shield)
rNeg    . . .      Spirit   .   a - +0 robe
rPois   .          Reflect  .   (helmet restricted)
rElec   .          Harm     .   g - +0 cloak
rCorr   .          Rampage  .   (gloves unavailable)
Will    .....                   (boots unavailable)
Stlth   ++........              (no amulet)
HPRegen 0.92/turn               (no ring)
MPRegen 0.08/turn               (no ring)

@: hasted, very quick
A: large, unfitting armour, claws 3, regeneration 1, shaggy fur 1, tough skin 1
a: no special abilities


You were on level 4 of the Dungeon.
You visited 1 branch of the dungeon, and saw 2 of its levels.

You collected 19 gold pieces.

Inventory:

Armour
 a - a +0 robe (worn)
 g - a +0 cloak (worn)
Wands
 f - a wand of digging (3)
Scrolls
 b - a scroll of fog
 c - a scroll of magic mapping
 d - a scroll of fear


   Skills:
 + Level 3.0 Fighting
 - Level 1.5 Dodging
 - Level 2.7 Stealth
 * Level 3.6 Unarmed Combat


You had 2 spell levels left.
You didn't know any spells.
Your spell library was empty.

Dungeon Overview and Level Annotations

Branches:
Dungeon (5/15)
 Temple: D:4-7

Altars:


Innate Abilities, Weirdness & Mutations

You are too large for most types of armour.
You have claws for hands.
Your natural rate of healing is unusually fast.
You are covered in fur. (AC +1)
You have tough skin. (AC +1)


Message History

Found an escape hatch in the ceiling.
An adder and an orc wizard come into view.
The orc wizard is wielding a +0 dagger of venom.
Found a scroll labelled LICUAD XARHIAR.
The adder hisses angrily.
The orc shouts!
The orc priest shouts!
The orc priest looks satisfied for a moment.
You scratch the adder.
The adder is heavily wounded.
The adder barely misses you. The adder bites you but does no damage.
The adder bites you but does no damage.
The orc priest mumbles some strange prayers to Beogh against you.
Beogh smites you!
There is an open door here.
The adder bites you.
You feel yourself speed up. The adder barely misses you. The adder bites you.
You are poisoned.
The adder poisons you!
You feel sick.
You feel sick.
You feel sick.
You feel sick.
You feel sick.
You are no longer poisoned.
There is a stone staircase leading up here.
You climb upwards.
The ogre shouts!
There is a stone staircase leading down here.
Okay, then.
You barely miss the ogre. You claw the ogre!
The ogre is moderately wounded.
The ogre hits you with a +0 giant spiked club!!
Ouch! That really hurt!
You barely miss the ogre.
The ogre is moderately wounded.
You barely miss the ogre.
The ogre is moderately wounded.
The ogre hits you with a +0 giant spiked club!
You die...

#.#
#.#
#.#
#.#
#.#
#.#
#.#
#O#
#@#
#.#
#.#
#.#
#.#
...
....#
##...#
.....


You could see an ogre.

Vanquished Creatures
  A bullfrog skeleton (D:5)
  A killer bee zombie (D:5)
  An adder (D:5)
  An adder skeleton (D:5)
4 creatures vanquished.

Notes
Turn   | Place    | Note
-------+----------+-------------------------------------------
     0 | D:5      | Zeldest the Troll Delver began the quest for the Orb.
     0 | D:5      | Reached XP level 1. HP: 22/22 MP: 0/0
    75 | D:5      | Reached XP level 2. HP: 7/29 MP: 1/1
    75 | D:5      | Reached XP level 3. HP: 9/36 MP: 2/2
   208 | D:4      | Noticed an ogre
   221 | D:4      | Slain by an ogre

Illustrated notes

Levels and vault maps discovered:
D:4:      layout_loops_ring, mainiacjoe_overflow_surrounded_room
D:5:      layout_basic, lightli_temple_of_fire, nicolae_wormholes

Skill      XL: |  1  2  3 |
---------------+----------+-----
Unarmed Combat | 3 |  3.6
Fighting       | 3 |  3.0
Dodging        | |  1.5
Stealth        | |  2.7

Action                   || total
-------------------------++-------
Melee: Unarmed           ||    30
       Punch             ||     1
  Use: Potion            ||     1
 Stab: Sleeping          ||     1
Armor: Robe              ||     7
Dodge: Dodged            ||    19

Table legend: (Time is in decaauts)
 A = Elapsed time spent in this place.
 B = Non-inter-level travel time spent in this place.
 C = Inter-level travel time spent in this place.
 D = Time resting spent in this place.
 E = Time spent auto-exploring this place.
 F = Levels seen in this place.
 G = Mean time per level.
                   A        B        C        D        E       F      G
               +--------+--------+--------+--------+--------+-----+--------+
         Total |    207 |    207 |      0 |     26 |     87 |   2 |  103.5 |
       Dungeon |    207 |    207 |      0 |     26 |     87 |   2 |  103.5 |
               +--------+--------+--------+--------+--------+-----+--------+

Top non-repeatable levels by time:
     D:5: 199 daAuts
     D:4: 8 daAuts
